 Dungeon Crawl Stone Soup version 0.21.1-1-g345015f (webtiles) character file.

52474 inc the Unseen (level 14, -7/96 HPs)
             Began as a Felid Enchanter on June 16, 2018.
             Was a High Priest of Dithmenos.
             Killed from afar by a thorn hunter (36 damage)
             ... with a volley of thorns
             ... on level 1 of the Swamp.
             The game lasted 01:24:47 (32913 turns).

inc the Unseen (Felid Enchanter)                   Turns: 32913, Time: 01:24:48

Health: -7/96      AC:  6    Str:  9    XL:     14   Next: 27%
Magic:  20/23      EV: 27    Int: 25    God:    Dithmenos [*****.]
Gold:   854        SH:  0    Dex: 27    Spells: 5/24 levels left
                                        Lives:  0   Deaths: 4

rFire    + + .     SeeInvis +     - Unarmed
rCold    + . .     Gourm    .   (shield unavailable)
rNeg     . . .     Faith    .   (armour unavailable)
rPois    +         Spirit   .   (helmet unavailable)
rElec    .         Reflect  .   (cloak unavailable)
rCorr    .         Harm     .   (gloves unavailable)
MR       ++...                  (boots unavailable)
Stlth    ..........             R - amulet "Ifeafif" {*Drain +Rage rPois Int+2 Dex+3}
HPRegen  0.26/turn              Q - ring "Egguomedgh" {rF++ Int+4 Dex+3}
MPRegen  0.18/turn              Y - +3 ring of protection

@: berserking, wreathed by umbra, very quick
A: very small, no armour, no weapons or thrown items, stealth, claws 1, fangs 3,
see invisible, carnivore, speed 1, shaggy fur 3, slow metabolism 1, sharp paws
a: Shadow Step, Shadow Form, Renounce Religion, Evoke Berserk Rage


You were on level 1 of the Swamp.
You worshipped Dithmenos.
Dithmenos was extremely pleased with you.
You were not hungry.

You visited 6 branches of the dungeon, and saw 26 of its levels.
You visited 1 bazaar.
You also visited: Trove and Ossuary.

You collected 2155 gold pieces.
You spent 1301 gold pieces at shops.

Inventory:

Jewellery
 k - an uncursed ring of stealth
 n - an uncursed ring of ice
 B - an uncursed ring of resist corrosion
 H - an uncursed amulet of guardian spirit
 J - a +4 ring of dexterity
 K - an uncursed ring of poison resistance
 M - an uncursed amulet of magic regeneration
 Q - the ring "Egguomedgh" (left paw) {rF++ Int+4 Dex+3}
   (You bought it in a shop on level 2 of the Orcish Mines)

   [ring of intelligence]

   It affects your intelligence (+4).
   It affects your dexterity (+3).
   It greatly protects you from fire.
 R - the amulet "Ifeafif" (around neck) {*Drain +Rage rPois Int+2 Dex+3}
   (You found it in a treasure trove)

   [amulet of rage]

   It affects your intelligence (+2).
   It affects your dexterity (+3).
   It protects you from poison.
   It lets you go berserk.
   It causes draining when unequipped.
 S - the ring of Utyuca {rF+ Str+2 Int+2}
   (You found it on level 1 of the Elven Halls)

   [ring of intelligence]

   It affects your strength (+2).
   It affects your intelligence (+2).
   It protects you from fire.
 Y - a +3 ring of protection (right paw)
Wands
 z - a wand of digging (29)
Scrolls
 c - 2 scrolls of blinking
 e - 7 scrolls of magic mapping {unknown}
 f - 5 scrolls of remove curse {unknown}
 j - 3 scrolls of immolation {unknown}
 l - 3 scrolls of summoning {unknown}
 q - 5 scrolls of teleportation
 r - 2 scrolls of random uselessness {unknown}
 t - 3 scrolls of fog {unknown}
 w - 6 scrolls of enchant weapon {unknown}
 y - 4 scrolls of vulnerability
 A - a scroll of fear {unknown}
 C - 2 scrolls of noise {unknown}
 D - 4 scrolls of identify
 E - 2 scrolls of torment {unknown}
 F - 2 scrolls of amnesia {unknown}
 N - 5 scrolls of enchant armour {unknown}
 W - a scroll of silence
Potions
 d - 3 potions of resistance
 g - 5 potions of magic
 h - 2 potions of mutation
 i - 4 potions of lignification
 m - 5 potions of haste
 o - 10 potions of curing
 p - 3 potions of flight
 s - 3 potions of might
 u - 4 potions of agility
 x - a potion of ambrosia
 I - a potion of cancellation
 O - a potion of invisibility
 P - 3 potions of brilliance
 T - a potion of heal wounds
 V - a potion of berserk rage
Books
 a - a book of Maledictions

   Spells                             Type                      Level
   a - Corona                         Hexes                        1
   b - Ensorcelled Hibernation        Hexes/Ice                    2
   c - Confuse                        Hexes                        3
   d - Tukima's Dance                 Hexes                        3
   e - Dazzling Spray                 Conjuration/Hexes            3
 v - a book of the Sky

   Spells                             Type                      Level
   a - Summon Lightning Spire         Summoning/Air                4
   b - Silence                        Hexes/Air                    5
   c - Deflect Missiles               Charms/Air                   6
   d - Conjure Ball Lightning         Conjuration/Air              6
   e - Tornado                        Air                          9
 G - a book of Callings

   Spells                             Type                      Level
   a - Summon Small Mammal            Summoning                    1
   b - Call Imp                       Summoning                    2
   c - Call Canine Familiar           Summoning                    3
   d - Summon Guardian Golem          Hexes/Summoning              3
   e - Summon Lightning Spire         Summoning/Air                4
   f - Summon Ice Beast               Ice/Summoning                4
 L - a book of Geomancy

   Spells                             Type                      Level
   a - Sandblast                      Earth                        1
   b - Passwall                       Transmutation/Earth          2
   c - Stone Arrow                    Conjuration/Earth            3
   d - Petrify                        Transmutation/Earth          4
   e - Lee's Rapid Deconstruction     Earth                        5
 X - a book of Power

   Spells                             Type                      Level
   a - Iskenderun's Battlesphere      Conjuration/Charms           5
   b - Venom Bolt                     Conjuration/Poison           5
   c - Bolt of Magma                  Conjuration/Fire/Earth       5
   d - Iron Shot                      Conjuration/Earth            6
   e - Orb of Destruction             Conjuration                  7
   f - Spellforged Servitor           Conjuration/Summoning        7
 Z - a book of Clouds

   Spells                             Type                      Level
   a - Poisonous Vapours              Poison/Air                   2
   b - Mephitic Cloud                 Conjuration/Poison/Air       3
   c - Conjure Flame                  Conjuration/Fire             3
   d - Freezing Cloud                 Conjuration/Ice/Air          6
   e - Ring of Flames                 Charms/Fire                  7
Comestibles
 b - 30 rations


   Skills:
 - Level 9.5 Fighting
 - Level 7.8 Dodging
 - Level 17.8 Stealth
 - Level 7.2 Unarmed Combat
 - Level 5.7 Spellcasting
 - Level 12.2 Conjurations
 - Level 17.1 Hexes
 - Level 5.4 Ice Magic
 + Level 3.0 Invocations
 + Level 3.8 Evocations


You had 5 spell levels left.
You knew the following spells:

 Your Spells              Type           Power        Failure   Level  Hunger
a - Corona                Hex            #######      0%          1    None
b - Ensorcelled Hibernat  Hex/Ice        ######       1%          2    None
c - Confuse               Hex            #######.     1%          3    #......
d - Dazzling Spray        Conj/Hex       ######       1%          3    #......
e - Mephitic Cloud        Conj/Pois/Air  ####....     4%          3    #......
f - Orb of Destruction    Conj           ######....   38%         7    #######


Dungeon Overview and Level Annotations

Branches:
Dungeon (15/15)            Temple (1/1) D:5            Lair (6/6) D:9
  Swamp (1/4) Lair:4       Spider (0/4) Lair:4        Slime (0/5) Lair:5
    Orc (2/2) D:11            Elf (1/3) Orc:2        Vaults (0/5) D:14
 Depths: D:15

Altars:
Ashenzari
Cheibriados
Dithmenos
Elyvilon
Fedhas
Gozag
Hepliaklqana
Kikubaaqudgha
Makhleb
Nemelex Xobeh
Okawaru
Qazlal
Ru
Sif Muna
Trog
Uskayaw
Vehumet
Wu Jian
Xom
Yredelemnul
Zin
The Shining One
Beogh
Jiyva

Shops:
D:15 =   Orc:2 =}[(

Annotations:
D:4 2 transporters
D:14 exclusion: Roxanne, Roxanne
Lair:2 exclusion: 2 oklob plants


Innate Abilities, Weirdness & Mutations

You cannot wear armour.
You are incapable of wielding weapons or throwing items.
Your paws allow you to move quietly. (Stealth)
You have sharp claws.
You have razor-sharp teeth.
You have supernaturally acute eyesight. (SInv)
You are carnivorous and can eat meat at any time.
You cover ground quickly.
Your thick and shaggy fur keeps you warm. (AC +3, rC+)
You have a slow metabolism.
Your sharp claws are effective at attacking unaware monsters.


Message History

Press: ? - help, Shift-Dir - straight line, f - thorn hunter
Aim: a thorn hunter (umbra, chance to defeat MR: 18%)
The thorn hunter resists with almost no effort.
The thorn hunter completely misses you. The thorn hunter barely misses you.
The thorn hunter fires a volley of thorns at you.
The volley of thorns hits you!
A red film seems to cover your vision as you go berserk!
You feel yourself moving faster!
You feel mighty!
You feel a lot more hungry. The thorn hunter hits you!!
The thorn hunter closely misses you.
You closely miss the thorn hunter.
You bite the thorn hunter, but do no damage.
The thorn hunter hits you! The thorn hunter barely misses you.
You mangle the thorn hunter!!
You bite the thorn hunter, but do no damage.
The thorn hunter is lightly damaged.
You scratch the thorn hunter. You bite the thorn hunter!
The thorn hunter is moderately damaged.
The thorn hunter fires a volley of thorns at you.
The volley of thorns hits you!
You die...

≈.^...♣..≈♣ ....≈.♣..♣♣
§≈≈......§♣♣
♣♣♣≈.≈≈≈...♣♣ ≈≈≈ ♣
♣♣..≈≈...≈♣ .≈≈
♣♣♣♣.....≈..♣♣♣♣...
.≈≈......§≈.≈≈≈≈♣♣ ...
^≈.......≈≈.≈≈≈f≈♣♣ ≈...
.≈.≈≈≈.♣....≈≈≈≈@≈♣≈≈≈..
..(≈≈≈.♣♣♣..≈≈≈≈..≈♣...
.♣≈.≈≈.♣ ♣♣..≈≈.≈≈...≈♣
≈.♣..≈.♣ ♣..≈....≈≈..♣♣
≈.♣≈.≈.♣ ♣..≈.≈≈≈≈≈≈..♣
....♣.≈ ♣♣♣≈..≈≈≈≈≈≈...
..≈.♣♣♣ ♣♣≈.≈≈≈≈≈≈..≈
≈≈..§≈♣♣ ♣≈..........
.....≈≈♣ ♣♣♣♣♣♣..≈♣..


You could see a thorn hunter.

Vanquished Creatures
  Gastronok (Lair:3)
  Kirke (D:12)
  A deep elf sorcerer (Elf:1)
  An orc warlord (Orc:1)
  A deep elf demonologist (Elf:1)
  Snorg (Orc:2)
  An ogre mage (Orc:1)
  7 hydras
  2 centaur warriors
  7 two-headed ogres
  A catoblepas (Lair:6)
  Erica (D:9)
  An alligator (Swamp:1)
  An orc high priest (Orc:1)
  2 dancing weapons (Elf:1)
  2 death yaks (Lair:3)
  A deep elf knight (Elf:1)
  Sonja (D:11)
  5 skeletal warriors
  3 unseen horrors
  A deep elf archer (Elf:1)
  A wizard (D:14)
  A swamp dragon (Swamp:1)
  Pikel (D:6)
  2 manticores
  6 deep elf magi (Elf:1)
  10 orc knights
  7 ugly things
  4 orc sorcerers
  2 cyclopes
  The ghost of emiel the Insei, a novice KoTm (D:5)
  Joseph (Lair:1)
  2 torpor snails
  5 black mambas
  4 spiny frogs
  A molten gargoyle (Lair:5)
  A rime drake (Lair:1)
  4 kobold demonologists
  5 komodo dragons
  An efreet (D:13)
  A redback zombie (D:15)
  10 trolls
  A hornet (D:14)
  11 blink frogs
  Grinder (D:3)
  4 slime creatures (D:12)
  7 hippogriffs
  A meliai zombie (D:14)
  11 dream sheep
  2 wyverns
  A shadow (D:13)
  Sigmund (D:6)
  A spriggan (D:7)
  A yak (shapeshifter) (D:13)
  An air elemental (Orc:2)
  A basilisk (D:15)
  3 water elementals
  5 wraiths
  A soldier ant (D:11)
  7 wargs
  Edmund (D:4)
  2 acid dragons
  6 water moccasins
  39 orc warriors
  3 porcupines
  A phantom (D:6)
  2 ice beasts
  2 sky beasts
  3 necrophages
  18 ogres
  7 wolves
  8 centaurs
  7 crocodiles
  Blork the orc (D:6)
  4 big kobolds
  7 bullfrogs
  9 scorpions
  A water moccasin skeleton (D:7)
  4 electric eels (Lair:4)
  7 wights (D:11)
  4 howler monkeys
  5 crimson imps
  2 bullfrog zombies
  5 human zombies (Ossuary)
  A centaur zombie (Ossuary)
  7 hounds
  5 jellies
  4 bullfrog skeletons
  4 centaur skeletons
  13 orc priests
  8 iguanas
  18 orc wizards
  Ijyb (D:3)
  11 worker ants
  A big kobold zombie (Ossuary)
  2 hound zombies
  3 mummies (Ossuary)
  4 gnolls (D:5)
  4 scorpion zombies (Ossuary)
  9 adders
  3 shadow imps
  2 oozes (D:1)
  An adder skeleton (D:6)
  4 worms
  3 dart slugs (D:1)
  2 leopard geckos
  72 orcs
  3 ball pythons
  6 bats
  10 giant cockroaches
  2 gnoll zombies (Ossuary)
  4 goblins
  2 hobgoblins (D:1)
  2 jackals (D:8)
  16 kobolds
  7 quokkas
  8 frilled lizards
  A giant cockroach zombie (D:5)
  3 goblin zombies (Ossuary)
  A hobgoblin zombie (Ossuary)
  2 kobold zombies (Ossuary)
  A leopard gecko skeleton (D:5)
  2 orc zombies (Ossuary)
  2 quokka skeletons
  4 rats
578 creatures vanquished.

Vanquished Creatures (others)
  A human (D:12)
  A giant cockroach (D:6)
  A kobold zombie (Ossuary)
  An orc zombie (Ossuary)
  7 fungi
  6 plants
17 creatures vanquished.

Grand Total: 595 creatures vanquished

Notes
Turn   | Place    | Note
-------+----------+-------------------------------------------
     0 | D:1      | inc the Felid Enchanter began the quest for the Orb.
     0 | D:1      | Reached XP level 1. HP: 7/7 MP: 4/4
   327 | D:1      | Reached skill level 5 in Hexes
   367 | D:1      | Reached XP level 2. HP: 10/11 MP: 4/6
   371 | D:1      | Learned a level 2 spell: Ensorcelled Hibernation
  1000 | D:1      | Reached skill level 1 in Ice Magic
  1000 | D:1      | Reached XP level 3. HP: 11/14 MP: 0/7
  1593 | D:2      | Found an opulent altar of Gozag.
  3152 | D:2      | Learned a level 3 spell: Confuse
  3563 | D:3      | Reached XP level 4. HP: 10/18 MP: 5/8
  4148 | D:3      | Noticed Ijyb
  4149 | D:3      | Found a hazy altar of Hepliaklqana.
  4212 | D:3      | Noticed Grinder
  4736 | D:4      | Noticed Edmund
  4789 | D:4      | Found a transporter.
  4936 | D:4      | Found a sand-covered staircase.
  4955 | D:4      | Killed from afar by an orc priest
  4956 | D:4      | Reached XP level 3. HP: -6/14 MP: 6/7
  4957 | D:4      | Noticed an ogre
  4975 | D:4      | Killed an ogre
  4975 | D:4      | Reached XP level 4. HP: 18/18 MP: 2/8
  4975 | D:4      | Reached XP level 5. HP: 21/21 MP: 2/9
  5025 | D:4      | Found a transporter.
  5025 | D:4      | Noticed a fire bat
  5081 | D:4      | Noticed a centaur
  5136 | Ossuary  | Entered an ossuary
  5376 | Ossuary  | Gained mutation: You are covered in thick fur. (AC +2) [Felid growth]
  5376 | Ossuary  | Reached XP level 6. HP: 12/24 MP: 5/10
  7058 | Ossuary  | Reached XP level 7. HP: 21/27 MP: 11/11
  7625 | Ossuary  | Reached skill level 10 in Hexes
  8316 | D:3      | Killed Grinder
  8316 | D:3      | Reached XP level 8. HP: 31/31 MP: 11/15
  8398 | D:3      | Killed Ijyb
  8726 | D:4      | Reached skill level 5 in Spellcasting
  9080 | D:4      | Killed Edmund
  9320 | D:5      | Entered Level 5 of the Dungeon
  9351 | D:5      | Found a staircase to the Ecumenical Temple.
  9360 | Temple   | Entered the Ecumenical Temple
  9387 | Temple   | Became a worshipper of Dithmenos the Shadowed
  9671 | D:5      | Noticed emiel's ghost (novice KoTm)
  9719 | D:5      | Killed emiel's ghost
  9832 | D:5      | Reached skill level 5 in Ice Magic
 10065 | D:6      | Noticed Pikel
 10134 | D:6      | Reached skill level 5 in Stealth
 10134 | D:6      | Reached XP level 9. HP: 34/34 MP: 18/18
 10161 | D:6      | Noticed Blork the orc
 10256 | D:6      | Reached * piety under Dithmenos
 10262 | D:6      | Killed Blork the orc
 10338 | D:6      | Noticed Sigmund
 10348 | D:6      | Killed Sigmund
 10466 | D:6      | Killed Pikel
 10466 | D:6      | Reached skill level 10 in Stealth
 11024 | D:7      | Reached skill level 1 in Fighting
 11069 | D:7      | Reached ** piety under Dithmenos
 11669 | D:7      | Reached XP level 10. HP: 42/42 MP: 19/19
 11786 | D:8      | Noticed a two-headed ogre
 12430 | D:9      | Noticed Erica
 12431 | D:9      | Killed Erica
 12624 | D:9      | Found a staircase to the Lair.
 13064 | D:10     | Entered Level 10 of the Dungeon
 13545 | D:10     | Reached *** piety under Dithmenos
 13800 | D:11     | Noticed Sonja
 13804 | D:11     | Killed Sonja
 13804 | D:11     | Reached skill level 5 in Dodging
 13938 | D:11     | Noticed a white ugly thing
 14327 | D:11     | Found a staircase to the Orcish Mines.
 14581 | D:11     | Reached XP level 11. HP: 51/51 MP: 20/20
 14744 | D:11     | Killed a white ugly thing
 14793 | D:11     | Noticed an unseen horror
 14802 | D:11     | Killed an unseen horror
 15107 | D:12     | Noticed an unseen horror
 15129 | D:12     | Killed an unseen horror
 15151 | D:12     | Noticed a skeletal warrior
 15152 | D:12     | Noticed a death knight
 15154 | D:12     | Noticed a two-headed ogre
 15185 | D:12     | Killed a skeletal warrior
 15414 | D:12     | Noticed an unseen horror
 15415 | D:12     | Killed an unseen horror
 15478 | D:12     | Noticed a centaur warrior
 15484 | D:12     | Killed a centaur warrior
 15525 | D:12     | Reached **** piety under Dithmenos
 15781 | D:12     | Killed a two-headed ogre
 15874 | D:12     | Found a portal to a secret trove of treasure.
 15878 | Trove    | Entered a treasure trove
 15906 | Trove    | Got an ancient amethyst amulet
 16148 | Lair:1   | Entered Level 1 of the Lair of Beasts
 16567 | Lair:1   | Noticed Joseph
 16573 | Lair:1   | Killed Joseph
 16573 | Lair:1   | Reached skill level 15 in Stealth
 16768 | Lair:2   | Identified the amulet "Ifeafif" {*Drain +Rage rPois Int+2 Dex+3} (You found it in a treasure trove)
 16890 | Lair:2   | Gained mutation: Your thick and shaggy fur keeps you warm. (AC +3, rC+) [Felid growth]
 16890 | Lair:2   | Reached XP level 12. HP: 29/57 MP: 13/21
 17668 | Lair:2   | Noticed a six-headed hydra
 17675 | Lair:2   | Killed a six-headed hydra
 18405 | Lair:3   | Mangled by a blink frog
 18406 | Lair:3   | Reached XP level 11. HP: -8/53 MP: 4/20
 18548 | Lair:3   | Noticed Gastronok
 18559 | Lair:3   | Killed Gastronok
 18698 | Lair:3   | Noticed a death yak
 18704 | Lair:3   | Noticed a death yak
 18778 | Lair:4   | You fall through a shaft for 2 floors!
 18778 | Lair:6   | Entered Level 6 of the Lair of Beasts
 18779 | Lair:6   | Reached skill level 5 in Unarmed Combat
 19054 | Lair:6   | Noticed a death yak
 19212 | Lair:6   | Noticed a catoblepas
 19219 | Lair:6   | Killed a catoblepas
 19223 | Lair:6   | Noticed a catoblepas
 19255 | Lair:6   | Noticed a death yak
 19256 | Lair:6   | Noticed a death yak
 19256 | Lair:6   | Noticed a death yak
 19257 | Lair:6   | Noticed a death yak
 19258 | Lair:6   | Noticed a death yak
 19494 | Lair:5   | Found a snail-covered altar of Cheibriados.
 19598 | Lair:4   | Noticed an eight-headed hydra
 19635 | Lair:4   | Killed an eight-headed hydra
 19688 | Lair:4   | Noticed a seven-headed hydra
 19704 | Lair:4   | Killed a seven-headed hydra
 19704 | Lair:4   | Reached XP level 12. HP: 57/57 MP: 14/21
 20335 | Lair:3   | Killed a death yak
 21043 | Lair:3   | Killed a death yak
 21108 | Lair:4   | Noticed a four-headed hydra
 21109 | Lair:4   | Killed a four-headed hydra
 21134 | Lair:4   | Found a hole to the Spider Nest.
 21318 | Lair:4   | Mangled by a dream sheep
 21319 | Lair:4   | Reached XP level 11. HP: -7/53 MP: 19/20
 21566 | Lair:4   | Found a staircase to the Swamp.
 21566 | Lair:4   | Noticed a four-headed hydra
 21594 | Lair:4   | Killed a four-headed hydra
 22716 | Lair:6   | Reached skill level 15 in Hexes
 23152 | Lair:5   | Found a staircase to the Slime Pits.
 23153 | Lair:5   | Found a viscous altar of Jiyva.
 23376 | Lair:5   | Reached XP level 12. HP: 31/57 MP: 12/21
 23785 | Orc:1    | Entered Level 1 of the Orcish Mines
 23935 | Orc:1    | Noticed a two-headed ogre
 23935 | Orc:1    | Noticed an orc high priest
 23967 | D:11     | Killed a two-headed ogre
 24323 | Orc:1    | Killed an orc high priest
 24331 | Orc:1    | Noticed an orc warlord
 24604 | D:12     | Noticed Kirke
 24610 | D:12     | Killed Kirke
 24714 | D:12     | Learned a level 3 spell: Dazzling Spray
 24971 | D:13     | Reached skill level 1 in Conjurations
 25143 | D:13     | Found a flickering gateway to a bazaar.
 25148 | Bazaar   | Entered a bazaar
 25155 | Bazaar   | Found Ytywn's Distillery.
 25169 | Bazaar   | Found Idiuv's Food Boutique.
 25183 | Bazaar   | Found Cazehiy's Armour Shop.
 25201 | Bazaar   | Found Uceycw's Food Boutique.
 25229 | Bazaar   | Found Soomur's Food Boutique.
 25243 | Bazaar   | Found Dies Jaduash's Weapon Shop.
 25353 | Bazaar   | Bought a potion of curing for 36 gold pieces
 25353 | Bazaar   | Bought a potion of might for 48 gold pieces
 25353 | Bazaar   | Bought a potion of invisibility for 96 gold pieces
 25353 | Bazaar   | Bought a potion of heal wounds for 60 gold pieces
 25353 | Bazaar   | Bought a potion of haste for 120 gold pieces
 25353 | Bazaar   | Bought 2 potions of brilliance for 96 gold pieces
 25353 | Bazaar   | Bought a potion of curing for 36 gold pieces
 25792 | D:13     | Noticed a centaur warrior
 25795 | D:13     | Killed a centaur warrior
 26438 | D:14     | Reached XP level 13. HP: 60/60 MP: 3/22
 26590 | D:14     | Reached skill level 5 in Conjurations
 26596 | D:14     | Found a gate to the Vaults.
 26728 | D:14     | Noticed Roxanne
 27084 | D:14     | Reached XP level 14. HP: 64/64 MP: 16/23
 27281 | D:15     | Entered Level 15 of the Dungeon
 27302 | D:15     | Found Ukiusm Moela's Jewellery Boutique.
 28404 | D:11     | Reached skill level 10 in Conjurations
 28993 | Orc:1    | Killed an orc warlord
 28993 | Orc:1    | Reached ***** piety under Dithmenos
 29258 | Orc:2    | Entered Level 2 of the Orcish Mines
 29260 | Orc:2    | Found a staircase to the Elven Halls.
 29261 | Orc:2    | Noticed Snorg
 29267 | Orc:2    | Killed Snorg
 30497 | Orc:2    | HP: 2/64 [orc knight/bardiche (39)]
 31018 | Orc:2    | Found Ucroeg's Weapon Boutique.
 31018 | Orc:2    | Found Tixavito's Antique Armour Shoppe.
 31577 | Orc:2    | Found a roughly hewn altar of Beogh.
 31628 | Orc:2    | Found Eluetoll's Gadget Boutique.
 31628 | Orc:2    | Found Kiuvuaw's Jewellery Shoppe.
 31652 | Orc:2    | Bought the ring "Egguomedgh" {rF++ Int+4 Dex+3} for 809 gold pieces
 31658 | Orc:2    | Learned a level 3 spell: Mephitic Cloud
 31666 | Orc:2    | Learned a level 7 spell: Orb of Destruction
 31939 | Elf:1    | Entered Level 1 of the Elven Halls
 31990 | Elf:1    | Noticed a deep elf sorcerer
 31997 | Elf:1    | Killed a deep elf sorcerer
 32019 | Elf:1    | Reached XP level 15. HP: 68/68 MP: 24/24
 32026 | Elf:1    | Got a transparent bronze ring
 32032 | Elf:1    | Identified the ring of Utyuca {rF+ Str+2 Int+2} (You found it on level 1 of the Elven Halls)
 32130 | Orc:2    | Slain by an air elemental
 32131 | Orc:2    | Reached XP level 14. HP: -2/64 MP: 23/23
 32218 | Elf:1    | Reached skill level 1 in Evocations
 32308 | Elf:1    | Reached skill level 1 in Invocations
 32821 | Swamp:1  | Entered Level 1 of the Swamp
 32894 | Swamp:1  | Noticed a thorn hunter
 32913 | Swamp:1  | Killed from afar by a thorn hunter

Skill      XL: |  1  2  3  4  5  6  7  8  9 10 11 12 13 14 |
---------------+-------------------------------------------+-----
Hexes          | 5 6 8 10 15 17 | 17.1
Ice Magic      | 1 2 5 |  5.4
Unarmed Combat | 4 2 6 7 |  7.2
Spellcasting   | 4 5 |  5.7
Stealth        | 5 11 17 16 | 17.8
Dodging        | 3 7 |  7.8
Fighting       | 3 8 9 |  9.5
Conjurations   | 4 8 12 | 12.2
Evocations     | 3 |  3.8
Invocations    | 3 |  3.0

Action                   |  1- 3 |  4- 6 |  7- 9 | 10-12 | 13-15 || total
-------------------------+-------+-------+-------+-------+-------++-------
Melee: Unarmed           |    87 |   145 |   213 |   414 |   272 ||  1131
       Bite              |     3 |    15 |    14 |    25 |    20 ||    77
       Punch             |       |     1 |     1 |    13 |     5 ||    20
 Cast: Corona            |     5 |       |       |       |       ||     5
       Ensorcelled Hiber |    40 |    35 |    84 |   309 |   209 ||   677
       Confuse           |       |    19 |    24 |    42 |    18 ||   103
       Dazzling Spray    |       |       |       |    18 |    13 ||    31
 Abil: Evoke Berserk Rag |       |       |       |     1 |     7 ||     8
  Use: Scroll            |       |     3 |       |    20 |       ||    23
       Potion            |       |     2 |       |     2 |     1 ||     5
 Stab: Sleeping          |    34 |    28 |    82 |   215 |   124 ||   483
       Confused          |       |     9 |    19 |    26 |    11 ||    65
       Invisible         |       |       |       |       |     1 ||     1
       Distracted        |       |       |       |       |     1 ||     1
  Eat: Chunk             |     8 |     2 |    14 |    33 |    14 ||    71
       Ration            |       |     2 |     2 |       |     1 ||     5
Armor: Skin              |     4 |     5 |    10 |     5 |    15 ||    39
Dodge: Dodged            |    61 |    57 |    83 |   328 |   306 ||   835
